 Dungeon Crawl Stone Soup version 0.31.0-32-g396128a36d (webtiles) character file.

Game seed: 1586407773050758838

120306 Curundu the Severer (level 16, -12/232 HPs)
             Began as a Minotaur Berserker on Apr 17, 2024.
             Was a High Priest of Trog.
             Mangled by a titanic slime creature (95 damage)
             ... on level 2 of the Pits of Slime on Apr 19, 2024.
             The game lasted 01:24:16 (21718 turns).

Curundu the Severer (Minotaur Berserker)           Turns: 21718, Time: 01:24:17

Health: -12/232    AC: -6    Str: 35    XL:     16   Next: 6%
Magic:  15/15      EV: 10    Int:  7    God:    Trog [*****.]
Gold:   2134       SH: 14    Dex: 11    Spells: 15/15 levels left

rFire   x . .        Q - +6 broad axe (heavy)
rCold   . . .        h - +1 kite shield {rPois}
rNeg    . . .        n - +1 plate armour
rPois   +            S - +2 hat "Xaoxa" {rF- Regen+ rCorr Int+3}
rElec   .            i - +2 cloak {Stlth+}
rCorr   +            B - +2 pair of gloves
SInv    .            b - +0 pair of boots
Will    +....        f - amulet of regeneration Stlth
                     T - +6 ring of strength
HPRegen 2.18/turn    M - ring of resist corrosion
MPRegen 0.14/turn

%: clarity
@: berserking (expiring), corroded, very quick
A: horns 2, retaliatory headbutt, clarity
a: Renounce Religion, Berserk, Trog's Hand, Brothers in Arms


You were on level 2 of the Pits of Slime.
You worshipped Trog.
Trog was extremely pleased with you.
You visited 4 branches of the dungeon, and saw 24 of its levels.
You also visited: Sewer.

You collected 2785 gold pieces.
You spent 651 gold pieces at shops.

Inventory:

Hand Weapons
 Q - a +6 heavy broad axe (weapon)
Missiles
 D - 17 boomerangs (quivered)
 L - 2 throwing nets
Armour
 b - a +0 pair of boots (worn)
 h - a +1 kite shield of poison resistance (worn)
 i - a +2 cloak of stealth (worn)
 n - a +1 plate armour (worn)
 B - a +2 pair of gloves (worn)
 S - the +2 hat "Xaoxa" (worn) {rF- Regen+ rCorr Int+3}
   (You acquired it on level 1 of the Lair of Beasts)

   Int+3:     It affects your intelligence (+3).
   rF-:       It makes you vulnerable to fire.
   Regen+:    It increases your rate of health regeneration.
   rCorr:     It protects you from acid and corrosion.
Jewellery
 f - an amulet of regeneration (around neck)
 j - an amulet of the acrobat
 l - a +5 ring of evasion
 p - a +5 ring of evasion
 A - a ring of willpower
 H - a ring of flight
 M - a ring of resist corrosion (right hand)
 O - a +6 ring of strength
 R - a +5 ring of evasion
 T - a +6 ring of strength (left hand)
 U - a ring of see invisible
Wands
 a - a wand of quicksilver (23)
 e - a wand of mindburst (7)
 s - a wand of iceblast (15)
 v - a wand of charming (50)
 J - a wand of digging (5)
Scrolls
 g - a scroll of summoning
 o - 3 scrolls of revelation
 q - 2 scrolls of enchant armour
 w - 4 scrolls of fog
 x - 3 scrolls of brand weapon
 N - 3 scrolls of teleportation
 X - 3 scrolls of identify
 Z - a scroll of fear
Potions
 c - 4 potions of might
 d - 11 potions of curing
 k - a potion of invisibility {unknown}
 t - 2 potions of berserk rage
 z - 2 potions of mutation
 C - 7 potions of heal wounds
 G - 2 potions of haste
 I - 2 potions of lignification
 K - 2 potions of resistance
Miscellaneous
 r - a sack of spiders


   Skills:
 + Level 17.5 Fighting
 + Level 20.0 Axes
 - Level 0.7 Throwing
 * Level 16.3 Armour
 + Level 4.9 Dodging
 + Level 1.6 Stealth
 * Level 15.4 Shields


You had 15 spell levels left.
You didn't know any spells.
Your spell library was empty.

Dungeon Overview and Level Annotations

Branches:
Dungeon (15/15)            Temple (0/1) D:5            Lair (5/5) D:11
 Shoals (0/4) Lair:3        Snake (0/4) Lair:2        Slime (2/5) Lair:4
    Orc (2/2) D:12            Elf (0/3) Orc:2        Vaults (0/5) D:13
 Depths (0/4) D:15          Sewer (visited)

Altars:
Cheibriados
Dithmenos
Qazlal
Sif Muna
Trog
Vehumet
Xom
The Shining One

Shops:
D:4 (   Orc:2 !([=

Annotations:
Lair:5 2 transporters, Lemonizer's ghost, journeyman GnWn


Innate Abilities, Weirdness & Mutations

You have a pair of horns on your head.
You reflexively headbutt those who attack you in melee.
You possess an exceptional clarity of mind.


Message History

You slash the slime creature!
You open the large slime creature like a pillowcase!!!
You kill the large slime creature!
Trog accepts your kill.
You slice the enormous slime creature!!
You hit the large slime creature but do no damage.
You slash the slime creature!
You kill the slime creature!
Trog accepts your kill.
You block the enormous slime creature's attack.
A large slime creature splits.
You chop the slime creature into pieces!!!
You kill the slime creature!
Trog accepts your kill.
You hit the enormous slime creature but do no damage.
You slice the slime creature!!
An enormous slime creature splits.
You slash the large slime creature! You headbutt the large slime creature.
The large slime creature is heavily wounded.
You slash the slime creature!
You open the large slime creature like a pillowcase!!!
You block the slime creature's attack. The large slime creature hits you.
Unknown command.
You chop the large slime creature into pieces!!!
The large slime creature is almost dead.
You slash the slime creature!
You kill the slime creature!
Trog accepts your kill.
You slice the slime creature like a ripe choko!!!
You slice the large slime creature like a ripe choko!!!
You feel the power of Trog in you as your rage grows.
You kill the large slime creature!
Trog accepts your kill.
Your Axes skill increases to level 20!
You slice the large slime creature!!
You kill the large slime creature!
Trog accepts your kill.
You slash the slime creature! You block the slime creature's attack.
Acid dripping from the walls corrodes you.
The titanic slime creature hits you!!!!
You die...

......#....#
..........
###........
##.........#
.....J.....##
............
#......J.#.#
#......J@#.##
...#........##
#..........#
##.#......## #
#.......#
##..#....###
#........#.##
##..##......##
#####.......##


You could see a titanic slime creature and 2 slime creatures.

Vanquished Creatures
  Jorgrun (Orc:1)
  Rupert (D:14)
  3 acid blobs
  Kirke (D:13)
  A quicksilver ooze (Slime:2)
  An orc warlord (Orc:2)
  Nessos (D:13)
  An ironbound preserver (D:13)
  A dire elephant (Lair:5)
  2 fire dragons
  5 hydras
  Fannar (D:12)
  Erolcha (Orc:1)
  An ice dragon (D:15)
  An ogre mage (D:15)
  Erica (Orc:1)
  4 boulder beetles
  3 centaur warriors
  A catoblepas (Lair:4)
  5 two-headed ogres
  3 death yaks (Lair:5)
  3 death knights (D:14)
  Urug (Lair:4)
  An orc high priest (Orc:2)
  Sonja (Lair:2)
  3 tengu warriors
  3 skysharks
  Amaemon (Lair:3)
  Lodul (D:11)
  A skeletal warrior (D:14)
  A swamp dragon (Lair:5)
  An obsidian statue (D:8)
  Pikel (D:5)
  A lindwurm (Lair:5)
  2 phantasmal warriors (D:14)
  2 orc knights (Orc:2)
  2 deep elf pyromancers
  7 manticores
  2 orc sorcerers (Orc:2)
  2 shining eyes
  11 ugly things (D:14)
  3 cyclopes
  Maurice (D:8)
  An ice statue (D:8)
  10 kobold blastminers (Orc:2)
  Joseph (D:9)
  3 black mambas
  A cane toad (shapeshifter) (D:14)
  19 cane toads
  An orange demon (Lair:3)
  11 komodo dragons
  5 rime drakes
  A gargoyle (D:12)
  An unseen horror (D:12)
  4 freezing wraiths (D:14)
  2 kobold demonologists
  2 efreet
  Psyche (D:9)
  A tengu conjurer (D:15)
  A queen bee (Lair:3)
  A wolf spider simulacrum (D:15)
  3 polar bears
  7 trolls
  4 hornets
  15 blink frogs
  31 slime creatures
  2 centaur simulacra (D:15)
  15 wyverns
  3 vampires (D:11)
  4 wraiths
  53 yaks
  4 hogs (D:13)
  3 wargs (Orc:2)
  6 vampire mosquitoes
  13 basilisks
  Menkaure (D:7)
  2 steam dragons
  17 water moccasins
  8 acid dragons
  24 orc warriors
  A swamp drake (Lair:5)
  An ice beast (shapeshifter) (D:14)
  2 ice beasts
  21 ogres
  10 wolves
  13 centaurs
  10 kobold brigands
  A phantom (D:4)
  11 bullfrogs
  A gnoll sergeant (D:6)
  A scorpion (D:5)
  9 wights
  27 killer bees
  3 electric eels
  5 howler monkeys
  2 jellies
  23 orc priests
  5 bombardier beetles
  7 hounds
  4 gnoll boudas
  Jessica (D:2)
  3 iguanas (Lair:5)
  A sleepcap (D:4)
  27 orc wizards
  7 hell rats (Lair:4)
  29 gnolls
  12 adders
  2 river rats
  3 white imps
  3 ribbon worms
  8 dart slugs
  99 orcs
  11 ball pythons
  11 endoplasms
  6 giant cockroaches
  5 goblins
  7 hobgoblins
  6 jackals
  38 kobolds
  5 quokkas
  4 bats
  5 frilled lizards
  10 rats
831 creatures vanquished.

Vanquished Creatures (collateral kills)
  A cane toad (Lair:2)
1 creature vanquished.

Vanquished Creatures (others)
  A centaur warrior (D:13)
  A komodo dragon (Lair:5)
  A yak (Lair:5)
  2 humans (D:13)
  An orc (D:11)
6 creatures vanquished.

Grand Total: 838 creatures vanquished

Notes
Turn   | Place    | Note
-------+----------+-------------------------------------------
     0 | D:1      | Curundu the Minotaur Berserker began the quest for the Orb.
     0 | D:1      | Reached XP level 1. HP: 19/19 MP: 0/0
    37 | D:1      | You fall into a shaft and drop 1 floor!
    50 | D:2      | Reached skill level 4 in Axes
    50 | D:2      | Reached XP level 2. HP: 15/27 MP: 1/1
   370 | D:1      | Reached XP level 3. HP: 31/33 MP: 2/2
   614 | D:1      | Reached ** piety under Trog
  1164 | D:2      | Reached XP level 4. HP: 41/41 MP: 3/3
  1441 | D:2      | Noticed Jessica
  1448 | D:2      | Killed Jessica
  1449 | D:2      | Reached skill level 5 in Axes
  1599 | D:3      | Reached XP level 5. HP: 26/46 MP: 4/4
  1673 | D:3      | Reached skill level 5 in Fighting
  1719 | D:3      | Found a faded altar of an unknown god.
  1762 | D:3      | Found a glowing drain.
  1773 | Sewer    | Entered a sewer
  1843 | Sewer    | Reached skill level 6 in Axes
  1843 | Sewer    | Reached XP level 6. HP: 56/56 MP: 5/5
  1901 | Sewer    | Reached *** piety under Trog
  2233 | Sewer    | Reached skill level 7 in Axes
  2280 | Sewer    | Reached XP level 7. HP: 36/61 MP: 6/6
  2759 | D:4      | Found Rohinaz's Antique Weapon Emporium.
  2766 | D:4      | Reached skill level 8 in Axes
  2805 | D:4      | Found a shadowy altar of Dithmenos.
  2940 | D:4      | Found a stormy altar of Qazlal.
  3121 | D:4      | Reached skill level 9 in Axes
  3137 | D:4      | Reached **** piety under Trog
  3138 | D:4      | Reached skill level 5 in Armour
  3250 | D:4      | Reached XP level 8. HP: 70/70 MP: 7/7
  3424 | D:4      | Found the amulet of Elemental Vulnerability {rPois rF--
                  | rC-- AC+8}
  3603 | D:5      | Entered Level 5 of the Dungeon
  3617 | D:5      | Noticed Pikel
  3635 | D:5      | Killed Pikel
  3636 | D:5      | Reached skill level 10 in Axes
  4029 | D:5      | Reached skill level 11 in Axes
  4094 | D:5      | Found a staircase to the Ecumenical Temple.
  4260 | D:6      | Reached XP level 9. HP: 79/79 MP: 8/8
  4580 | D:6      | Reached skill level 12 in Axes
  4926 | D:7      | Reached skill level 13 in Axes
  4928 | D:7      | Noticed Menkaure
  4937 | D:7      | Killed Menkaure
  5340 | D:7      | Identified the +0 helmet "Enke" {Harm ^Drain rPois Str-5}
  5583 | D:7      | Reached XP level 10. HP: 90/90 MP: 9/9
  5637 | D:7      | Reached ***** piety under Trog
  5775 | D:7      | Found a shimmering altar of Xom.
  5895 | D:8      | Noticed Maurice
  5930 | D:8      | Killed Maurice
  5989 | D:8      | Found a snail-covered altar of Cheibriados.
  6069 | D:8      | Noticed an ice statue
  6105 | D:8      | Killed an ice statue
  6106 | D:8      | Reached skill level 1 in Stealth
  6151 | D:8      | Noticed an obsidian statue
  6159 | D:8      | Noticed a rust devil
  6174 | D:8      | Killed an obsidian statue
  6282 | D:8      | Reached skill level 14 in Axes
  6942 | D:9      | Found a radiant altar of Vehumet.
  6942 | D:9      | Found a shimmering blue altar of Sif Muna.
  6959 | D:9      | Noticed Joseph
  6965 | D:9      | Reached skill level 10 in Fighting
  6974 | D:9      | Killed Joseph
  6991 | D:9      | Noticed Psyche
  6998 | D:9      | Killed Psyche
  6999 | D:9      | Reached skill level 15 in Axes
  7125 | D:9      | Reached XP level 11. HP: 92/101 MP: 10/10
  7695 | D:10     | Entered Level 10 of the Dungeon
  7802 | D:10     | Identified the amulet "Qunaciem" {RegenMP rPois rF+}
  8207 | D:10     | Noticed a two-headed ogre
  8215 | D:10     | Killed a two-headed ogre
  8223 | D:10     | Reached skill level 16 in Axes
  8619 | D:11     | Noticed a boulder beetle
  8678 | D:11     | Killed a boulder beetle
  8712 | D:11     | Reached skill level 10 in Armour
  8790 | D:11     | Found a shimmering blue altar of Sif Muna.
  8862 | D:11     | Noticed Lodul
  8884 | D:11     | Killed Lodul
  9525 | D:11     | Identified the +8 flail "Sautzoff" {speed, rC- rCorr
                  | Stlth+}
  9598 | D:11     | Found a staircase to the Lair.
  9891 | D:12     | Reached XP level 12. HP: 84/112 MP: 11/11
  9934 | D:12     | Noticed Fannar
  9956 | D:12     | Reached skill level 17 in Axes
  9970 | D:12     | Killed Fannar
 10197 | D:12     | Received a gift from Trog
 10354 | D:12     | Found a staircase to the Orcish Mines.
 10644 | D:12     | Reached skill level 1 in Shields
 10910 | D:13     | Noticed a boulder beetle
 10910 | D:13     | Noticed an ironbound preserver
 10911 | D:13     | Noticed Kirke
 10914 | D:13     | Noticed a four-headed hydra
 10923 | D:13     | Killed an ironbound preserver
 10936 | D:13     | Killed Kirke
 10938 | D:13     | Killed a nine-headed hydra
 10968 | D:13     | Killed a boulder beetle
 11004 | D:13     | Noticed a tengu warrior
 11022 | D:13     | Killed a tengu warrior
 11032 | D:13     | Found a gate to the Vaults.
 11066 | D:13     | Noticed a tengu warrior
 11083 | D:13     | Killed a tengu warrior
 11124 | D:13     | Reached XP level 13. HP: 42/124 MP: 12/12
 11354 | D:13     | Noticed Nessos
 11379 | D:13     | Killed Nessos
 11380 | D:13     | Reached skill level 5 in Shields
 11619 | D:13     | Found a glowing golden altar of the Shining One.
 12102 | D:14     | Noticed Rupert
 12115 | D:14     | Killed Rupert
 12143 | D:14     | Reached skill level 18 in Axes
 12485 | D:14     | Identified the +1 battleaxe of Killer Bee's Bane {flame,
                  | rElec rN+ Int-5 Dex+8} (Trog gifted it to you on level 14
                  | of the Dungeon)
 12485 | D:14     | Received a gift from Trog
 12749 | D:15     | Entered Level 15 of the Dungeon
 12759 | D:15     | Reached skill level 15 in Fighting
 12791 | D:15     | Noticed a fire dragon
 12809 | D:15     | Killed a fire dragon
 12842 | D:15     | Found a staircase to the Depths.
 12938 | D:15     | Reached XP level 14. HP: 133/135 MP: 13/13
 13121 | D:15     | Reached skill level 10 in Shields
 14209 | Orc:1    | Entered Level 1 of the Orcish Mines
 14258 | Orc:2    | Entered Level 2 of the Orcish Mines
 14293 | Orc:2    | Found a staircase to the Elven Halls.
 14384 | Orc:2    | Noticed an orc warlord
 14411 | Orc:2    | Killed an orc warlord
 14593 | Orc:2    | Found Hotheg's Antique Armour Emporium.
 14595 | Orc:2    | Found Piace's Antique Weapon Shoppe.
 14703 | Orc:2    | Found Cismohan's Jewellery Emporium.
 14750 | Orc:2    | Bought a +6 ring of strength for 576 gold pieces
 14914 | Orc:2    | Received a gift from Trog
 15039 | Orc:2    | Found Ibelatry's Distillery.
 15073 | Orc:2    | Bought a potion of heal wounds for 75 gold pieces
 15689 | Orc:1    | Noticed Erica
 15693 | Orc:1    | Noticed Jorgrun
 15696 | Orc:1    | Killed Erica
 15706 | Orc:1    | Killed Jorgrun
 15707 | Orc:1    | Reached skill level 19 in Axes
 15924 | Orc:1    | Noticed Erolcha
 15931 | Orc:1    | Killed Erolcha
 17086 | Lair:1   | Entered Level 1 of the Lair of Beasts
 17102 | Lair:1   | Received a gift from Trog
 17307 | Lair:1   | Identified a scroll of acquirement
 17307 | Lair:1   | Acquired the +2 hat "Xaoxa" {rF- Regen+ rCorr Int+3}
 17942 | Lair:2   | Noticed Sonja
 17960 | Lair:2   | Killed Sonja
 18136 | Lair:2   | Found a staircase to the Snake Pit.
 18446 | Lair:3   | Noticed Amaemon
 18453 | Lair:3   | Killed Amaemon
 18502 | Lair:3   | Reached XP level 15. HP: 145/145 MP: 14/14
 18556 | Lair:3   | Found a staircase to the Shoals.
 18616 | Lair:3   | Reached skill level 15 in Armour
 18696 | Lair:3   | Received a gift from Trog
 19324 | Lair:4   | Found a staircase to the Slime Pits.
 19609 | Lair:4   | Noticed Urug
 19618 | Lair:4   | Killed Urug
 20312 | Lair:5   | Entered Level 5 of the Lair of Beasts
 20353 | Lair:5   | Received a gift from Trog
 20597 | Lair:5   | Got an earthy gem with 194 turns to spare
 20875 | Lair:5   | Found a bloodstained altar of Trog.
 20882 | Lair:5   | Found a transporter.
 20904 | Lair:5   | Noticed Lemonizer's ghost (journeyman GnWn)
 20917 | Lair:5   | Found a transporter.
 21028 | Lair:5   | Reached skill level 15 in Shields
 21449 | Slime:1  | Entered Level 1 of the Pits of Slime
 21453 | Slime:1  | Noticed an acid blob
 21464 | Slime:1  | Killed an acid blob
 21573 | Slime:2  | Gained mutation: You possess an exceptional clarity of
                  | mind. [a shining eye]
 21680 | Slime:2  | Noticed an acid blob
 21687 | Slime:2  | Noticed an acid blob
 21689 | Slime:2  | Killed an acid blob
 21701 | Slime:2  | Killed an acid blob
 21702 | Slime:2  | Reached XP level 16. HP: 127/155 MP: 15/15
 21717 | Slime:2  | Reached skill level 20 in Axes
 21718 | Slime:2  | Mangled by a titanic slime creature

Illustrated notes

Levels and vault maps discovered:
D:1:      scummos_arrival_star, layout_basic
D:2:      layout_rooms, kennysheep_generic_room_3, uniq_jessica
D:3:      layout_loops_ring, portal_sewer_entry_a,
          hellmonk_ecumenical_altar_pennies_from_heaven, hangedman_decor_points,
          minivault_25
D:4:      layout_basic, general_overflow_altar,
          nicolae_dithmenos_through_a_glass_darkly, nicolae_stop_n_shop_1,
          serial_bayou_lagoon_a, grunt_decor_arrowhead
D:5:      layout_basic, temple_green, uniq_pikel
D:6:      layout_basic, st_stairs_9
D:7:      layout_loops_ring, xom_butterflies, minmay_misc_feat_room,
          supply_closet_lemuel, uniq_menkaure
D:8:      minmay_separated_statues, layout_gridville, kennysheep_slug_shrine,
          uniq_maurice
D:9:      layout_long_grid, grunt_temple_overflow_open, minmay_diced_spiral,
          uniq_psyche, uniq_joseph
D:10:     layout_basic
D:11:     layout_long_grid, erik_lair_dragon, kennysheep_orc_sif_temple,
          uniq_lodul
D:12:     layout_cave_pods, orc_0_dummy, uniq_fannar
D:13:     layout_loops_ring, skrybe_vaults_entry_preservation, tso_altar,
          uniq_nessos, uniq_kirke
D:14:     layout_gridville, serial_park_avenue1, uniq_rupert
D:15:     grunt_enter_depths_hoard, layout_small_grid, serial_ice, serial_ice_d,
          serial_ice_j, serial_ice_o, serial_ice_g, nrook_mini_backslash
Lair:1:   layout_gridlike, serial_bayou_lagoon_b, infiniplex_staircase_pool,
          grunt_megastairs_2, serial_bayou_shore_b
Lair:2:   layout_cave_shapes, dummy_snake_entry, uniq_sonja
Lair:3:   regret_index_wax_grids, layout_regular_city, shoals_dummy_entry,
          uniq_amaemon
Lair:4:   layout_cave_pods, slime_entry_1, special_room
          [special_room_mythical_zoo], chequers_serial_rivers_room_b, uniq_urug
Lair:5:   guppyfry_lair_end_dragon, layout_hall_layers, gauntlet_entry_generic,
          gammafunk_ghost_wrathful_warriors, grunt_megastairs_5
Slime:1:  layout_caves
Slime:2:  layout_caves
Orc:1:    layout_diamond_mine, uniq_erica, uniq_jorgrun, uniq_erolcha
Orc:2:    grunt_orc_community_town_hall, layout_caves,
          grunt_orc_community_big_house_1, grunt_orc_community_big_house_2,
          grunt_orc_community_house_2, grunt_orc_community_house_1,
          grunt_orc_community_house_2, grunt_orc_community_house_2,
          grunt_orc_community_house_2

Skill      XL: |  1  2  3  4  5  6  7  8  9 10 11 12 13 14 15 16 |
---------------+-------------------------------------------------+-----
Fighting       | 4 5 6 7 8 10 12 14 15 16 17 | 17.5
Axes           | 4 5 6 7 9 11 13 15 16 17 18 19 20 | 20.0
Armour         | 3 4 5 6 8 9 11 12 14 16 | 16.3
Dodging        | 3 4 |  4.9
Stealth        | 1 |  1.6
Shields        | 4 9 12 15 | 15.4
Throwing       | |  0.7

Action                     |  1- 3 |  4- 6 |  7- 9 | 10-12 | 13-15 | 16-18 || total
---------------------------+-------+-------+-------+-------+-------+-------++-------
  Melee: Hand axe          |    54 |    36 |       |       |       |       ||    90
         Headbutt          |     5 |    12 |    48 |   112 |   188 |     7 ||   372
         Punch             |       |     1 |     6 |     7 |       |       ||    14
         War axe           |       |    81 |   249 |   525 |   411 |       ||  1266
         Broad axe         |       |       |       |       |   499 |    16 ||   515
  Throw: Boomerang         |       |       |       |     3 |     7 |       ||    10
 Invoke: Trog's Hand       |       |     2 |     4 |    13 |    14 |       ||    33
         Berserk           |       |       |       |     1 |     3 |       ||     4
         Brothers in Arms  |       |       |       |       |     1 |       ||     1
    Use: Scroll            |       |       |    13 |     8 |    11 |       ||    32
         Potion            |       |       |       |       |     1 |       ||     1
 Armour: Animal skin       |    36 |       |       |       |       |       ||    36
         Plate armour      |     3 |    61 |   137 |   422 |   637 |     7 ||  1267
  Dodge: Dodged            |    58 |   137 |   247 |   503 |   445 |     3 ||  1393
  Block: Kite shield       |       |       |       |    17 |   599 |     8 ||   624
